 Dungeon Crawl Stone Soup version 0.26-a0-388-gf3277c4969 (webtiles) character file.

Game seed: 5066197295095187725

91 Conn the Magician (level 4, -2/27 HPs)
             Began as an Octopode Hedge Wizard on July 21, 2020.
             Slain by an adder (4 damage)
             ... on level 3 of the Dungeon.
             The game lasted 00:08:26 (3037 turns).

Conn the Magician (Octopode Hedge Wizard)           Turns: 3037, Time: 00:08:26

Health: -2/27      AC:  1    Str:  9    XL:     4   Next: 59%
Magic:  1/10       EV: 13    Int: 17    God:
Gold:   152        SH:  0    Dex: 11    Spells: 0/11 levels left

rFire    . . .     SeeInvis .   k - +1 dagger (venom)
rCold    . . .     Faith    .   (no shield)
rNeg     . . .     Spirit   .   b - +0 hat
rPois    .         Reflect  .   (no amulet)
rElec    .         Harm     .   (no ring)
rCorr    .                      (no ring)
MR       .....                  (no ring)
Stlth    +++.......             (no ring)
HPRegen  0.09/turn              (no ring)
MPRegen  0.12/turn              (no ring)
                                (no ring)
                                (no ring)

@: flying, very slightly contaminated
A: almost no armour, stealthy swim, amphibious, 8 rings, constrict 8, camouflage
1, gelatinous body 1
a: no special abilities


You were on level 3 of the Dungeon.
You visited 1 branch of the dungeon, and saw 3 of its levels.

You collected 152 gold pieces.

Inventory:

Hand Weapons
 a - a +0 dagger
 i - a +0 short sword
 k - a +1 dagger of venom (weapon)
Missiles
 c - 27 sling bullets
Armour
 b - a +0 hat (worn)
Jewellery
 j - an uncursed ring of ice
Wands
 o - a wand of paralysis (8)
Scrolls
 d - a scroll of immolation {unknown}
 f - a scroll of identify
 g - 3 scrolls of enchant weapon
 l - 3 scrolls of teleportation
 n - a scroll of remove curse


   Skills:
 + Level 0.6 Fighting
 + Level 0.3 Short Blades
 + Level 2.1 Dodging
 + Level 3.4 Stealth
 * Level 4.2 Spellcasting
 * Level 1.5 Conjurations
 + Level 1.0 Summonings
 * Level 1.1 Translocations


You couldn't memorise any spells.
You knew the following spells:

 Your Spells              Type           Power        Failure   Level
a - Magic Dart            Conj           #...         9%          1
b - Blink                 Tloc           N/A          14%         2
c - Call Imp              Summ           #.......     16%         2
d - Conjure Flame         Conj/Fire      #.......     34%         3
e - Mephitic Cloud        Conj/Pois/Air  #.......     36%         3

Your spell library contained the following spells:

 Spells                   Type           Power        Failure   Level
 Slow                     Hex            #.......     24%         2


Dungeon Overview and Level Annotations

Branches:
Dungeon (3/15)

Altars:


Innate Abilities, Weirdness & Mutations

You cannot wear most types of armour.
You are very stealthy in the water. (Stealth+)
You are amphibious.
You can wear up to eight rings at the same time.
You can use your tentacles to constrict eight enemies at once.
Your skin changes colour to match your surroundings (Stealth+).
Your rubbery body absorbs attacks. (AC +1, EV +1)


Message History

Aiming: Magic Dart (safe; 9% risk of failure)
Press: ? - help, Shift-Dir - straight line, f/p - adder
Aim: an adder The magic dart hits the adder.
The adder is lightly wounded.
Casting: Magic Dart (safe; 9% risk of failure)
Confirm with . or Enter, or press ? or * to list all spells.
Aiming: Magic Dart (safe; 9% risk of failure)
Press: ? - help, Shift-Dir - straight line, f/p - adder
Aim: an adder (lightly wounded)
The magic dart hits the adder.
The adder is moderately wounded.
You closely miss the adder. Your grab misses the adder.
The adder is moderately wounded.
The adder bites you.
* * * LOW HITPOINT WARNING * * *
It was a potion of flight.
You feel very buoyant.
You fly up into the air.
The adder bites you.
You die...

... .## .l ..# ###
##.##o####.# ...
......))..###[#
##)##.##.#.#.# # #.##.#
### #.##.###########..
#S..............<.
.##.##@.#.##.#...##....
#........#.##...#.......
####.......####...##....
####.##.# ##.####...
#.##.# #.# ##.. ....#.
..# ##. .#### ## #### .
. # #


You could see an adder.

Vanquished Creatures
  Robin (D:2)
  An ooze (D:1)
  A dart slug (D:1)
  A leopard gecko (D:2)
  3 orcs (D:3)
  A ball python (D:1)
  3 giant cockroaches
  9 goblins
  7 hobgoblins
  10 jackals
  5 kobolds
  A quokka (D:3)
  10 bats
  2 frilled lizards
  6 rats
61 creatures vanquished.

Notes
Turn   | Place    | Note
-------+----------+-------------------------------------------
     0 | D:1      | Conn the Octopode Hedge Wizard began the quest for the Orb.
     0 | D:1      | Reached XP level 1. HP: 11/11 MP: 4/4
   282 | D:1      | Reached XP level 2. HP: 8/17 MP: 0/6
  1013 | D:1      | Reached XP level 3. HP: 21/21 MP: 5/8
  1512 | D:2      | Noticed Robin
  1517 | D:2      | Reached skill level 4 in Spellcasting
  1915 | D:2      | Killed Robin
  1915 | D:2      | Reached XP level 4. HP: 24/27 MP: 2/10
  2859 | D:2      | Found a faded altar of an unknown god.
  2952 | D:2      | Learned a level 2 spell: Blink
  2955 | D:2      | Learned a level 2 spell: Call Imp
  2959 | D:2      | Learned a level 3 spell: Conjure Flame
  2963 | D:2      | Learned a level 3 spell: Mephitic Cloud
  3037 | D:3      | Slain by an adder

Illustrated notes

Levels and vault maps discovered:
D:1:      evilmike_arrival_hilbert_curve, layout_loops_ring
D:2:      layout_rooms, chequers_ecumenical_altar_island, serial_corexii_hall,
          chequers_hall_statues_wall_a, corexii_hall_statues_l,
          minmay_misc_feat_more_columns, nrook_loot_triangle, uniq_robin
D:3:      layout_loops_ring, lemuel_crystal_altar, marbit_many_paths,
          nemelex_xobeh_ov_fountains_minmay, portal_sewer_entry_c,
          mrwooster_statue_mirror, uniq_ijyb

Skill      XL: |  1  2  3 |
---------------+----------+-----
Spellcasting   | 4 |  4.2
Stealth        | 3 |  3.4
Fighting       | |  0.6
Short Blades   | |  0.3
Dodging        | |  2.1
Conjurations   | |  1.5
Summonings     | |  1.0
Translocations | |  1.1

Action                   |  1- 3 |  4- 6 || total
-------------------------+-------+-------++-------
Melee: Dagger            |    22 |    32 ||    54
       Constrict         |    11 |    15 ||    26
       Tentacles         |     4 |     7 ||    11
       Short sword       |    12 |    12 ||    24
 Cast: Magic Dart        |    77 |    37 ||   114
       Blink             |       |     1 ||     1
       Call Imp          |       |     1 ||     1
Evoke: Wand              |       |     2 ||     2
  Use: Scroll            |       |     5 ||     5
       Potion            |       |     3 ||     3
 Stab: Sleeping          |     3 |     1 ||     4
Armor: Skin              |     6 |     1 ||     7
Dodge: Dodged            |    29 |    43 ||    72

Table legend: (Time is in decaauts)
 A = Elapsed time spent in this place.
 B = Non-inter-level travel time spent in this place.
 C = Inter-level travel time spent in this place.
 D = Time resting spent in this place.
 E = Time spent auto-exploring this place.
 F = Levels seen in this place.
 G = Mean time per level.
                   A        B        C        D        E       F      G
               +--------+--------+--------+--------+--------+-----+--------+
         Total |   3040 |   2994 |     46 |    754 |   1455 |   3 | 1013.3 |
       Dungeon |   3040 |   2994 |     46 |    754 |   1455 |   3 | 1013.3 |
               +--------+--------+--------+--------+--------+-----+--------+
Top levels by time: D:1: 2044 daAuts D:2: 928 daAuts D:3: 67 daAuts
